Map: Ultralove

Players

Ortsyd

  • Race: Terran Terran
  • League: Diamond
  • Spawn Location: 1:00

ManlyManMeat - Winner!

  • Race: Zerg Zerg
  • League: Master
  • Spawn Location: 7:00

VOD

Have the link to the VOD?

Description

Time

  • Played on: June 18, 2025, 11:09 a.m.
  • Length: 15:06
Show
View Real Time Build Order
Export as new Build Order

Ortsyd Terran 

Build Orders:  

Get SALT Encoding   

  12  0:00  SCV  
  13  0:12  SCV  
  14  0:19  Supply Depot  
  14  0:27  SCV  
  15  0:41  SCV  
  15  0:42  Barracks  
  16  0:53  Refinery, SCV  
  17  1:05  SCV  
  18  1:13  Barracks  
  18  1:17  SCV  
  19  1:29  SCV  
  19  1:30  Marine  
  21  1:40  Refinery  
  21  1:44  Orbital Command  
  21  1:47  Marine  
  22  2:00  Barracks Reactor  
  22  2:07  Refinery  
  22  2:15  SCV  
  23  2:18  Factory  
  23  2:33  Supply Depot  
  23  2:40  Barracks Tech Lab  
  23  2:52  Marine x2, SCV  
  26  3:04  SCV  
  27  3:06  Command Center  
  27  3:17  SCV  
  27  3:18  Factory Tech Lab  
  26  3:24  Starport  
  26  3:31  Marine x2  
  28  3:35  Marine  
  29  3:44  Supply Depot  
  31  3:53  Siege Tank  
  32  3:59  Stimpack  
  32  4:08  Viking  
  34  4:20  Supply Depot  
  34  4:24  Orbital Command  
  34  4:34  Siege Tank  
  34  4:38  Starport Tech Lab  
  37  4:47  Armory  
  37  4:48  Marine  
  38  4:56  SCV  
  39  5:04  Engineering Bay  
  39  5:06  Marine  
  40  5:08  Raven, SCV  
  43  5:22  SCV  
  43  5:25  SCV  
  45  5:34  SCV  
  45  5:35  Supply Depot  
  46  5:37  SCV  
  46  5:40  Missile Turret  
  46  5:41  Missile Turret, Terran Infantry Weapons Level 1  
  47  5:45  Command Center, Drilling Claws  
  47  5:49  Widow Mine  
  49  5:50  Medivac  
  51  6:14  SCV x2  
  51  6:15  Siege Tank  
  51  6:16  Marauder, Marine x2  
  60  6:38  Marauder  
  62  6:59  Marine  
  60  7:16  SCV x2  
  60  7:17  Marauder, Marine  
  60  7:20  Refinery  
  60  7:21  Refinery  
  65  7:24  Raven  
  65  7:28  SCV, Widow Mine  
  65  7:29  SCV  
  71  7:32  Factory  
  71  7:33  Orbital Command  
  71  7:40  SCV  
  71  7:41  SCV  
  73  7:49  Widow Mine  
  72  7:53  SCV x2  
  74  8:10  SCV x2, Widow Mine  
  74  8:11  Marine x2, SCV  
  74  8:12  Marauder  
  83  8:29  Marine x2  
  83  8:33  Marauder  
  84  8:53  Siege Tank  
  84  8:54  Marauder, Marine x2  
  82  8:56  Supply Depot  
  82  8:59  Missile Turret  
  82  9:00  Supply Depot  
  81  9:12  Marine x2  
  81  9:16  Marauder  
  82  9:20  Orbital Command  
  70  9:26  Widow Mine  
  70  9:30  Marine  
  60  9:37  Marauder  
  48  9:40  Marine  
  41  9:46  SCV x3  
  41  9:47  Marine  
  45  9:58  Marine, SCV x3  
  45  9:59  Marauder  
  51  10:05  Marine  
  52  10:10  SCV  
  54  10:14  SCV x2  
  54  10:16  Marine  
  54  10:18  Supply Depot  
  54  10:20  Marauder, Supply Depot x2  
  58  10:21  Sensor Tower  
  58  10:23  Marine, Siege Tank, SCV  
  58  10:25  Liberator  
  58  10:26  SCV  
  58  10:27  Orbital Command  
  67  10:31  SCV  
  67  10:34  Marine  
  69  10:41  Reaper  
  61  10:55  Siege Tank  
  59  11:07  Liberator  
  54  11:13  Marine  
  49  11:18  SCV  
  49  11:28  Siege Tank  
  49  11:30  SCV  
  50  11:34  SCV x2  
  50  11:35  Marine  
  50  11:36  Marine x2  
  46  11:43  SCV  
  46  11:46  SCV  
  43  11:50  Liberator  
  43  11:53  Marine  
  43  11:54  Marine x2  
  38  12:11  Marine x3  
  38  12:12  Siege Tank  
  43  12:16  SCV  
  43  12:20  Command Center  
  43  12:28  SCV  
  43  12:29  Marine x3  
  37  12:45  Siege Tank  
  37  12:47  Marine x3  
  35  13:04  Marine  
  35  13:05  Marine x2  
  18  13:27  SCV  
  19  13:35  Widow Mine  
  20  13:53  Orbital Command  
  20  14:09  Orbital Command  
  16  14:15  Orbital Command  
Show
View Real Time Build Order
Export as new Build Order

ManlyManMeat Zerg - Winner!

Build Orders: Hatch First 

Get SALT Encoding   

  12  0:00  Drone  
  13  0:12  Overlord  
  13  0:19  Drone  
  14  0:31  Drone x2  
  16  0:48  Hatchery  
  15  0:50  Drone  
  16  0:57  Drone  
  16  0:58  Drone  
  18  1:04  Extractor  
  17  1:15  Spawning Pool  
  17  1:18  Drone  
  17  1:21  Drone  
  18  1:33  Drone  
  19  1:41  Drone  
  20  1:53  Drone  
  21  2:05  Queen x2  
  25  2:10  Zergling x4  
  27  2:17  Drone  
  27  2:18  Metabolic Boost  
  28  2:27  Overlord  
  28  2:36  Overlord  
  28  2:46  Overlord  
  28  2:48  Overlord  
  28  2:55  Drone x4  
  32  3:14  Drone x4  
  32  3:15  Drone  
  37  3:28  Drone x4  
  37  3:29  Baneling Nest  
  40  3:44  Drone x2  
  42  3:50  Drone x2  
  42  3:53  Queen  
  42  3:55  Lair  
  46  3:56  Hatchery  
  46  4:00  Evolution Chamber  
  46  4:01  Drone  
  46  4:02  Evolution Chamber  
  44  4:03  Drone x2  
  44  4:05  Drone  
  44  4:08  Extractor  
  45  4:22  Drone x2  
  45  4:23  Drone x3  
  50  4:32  Overlord  
  50  4:50  Overlord x2  
  50  4:51  Drone  
  51  4:55  Zerg Melee Weapons Level 1  
  51  4:58  Extractor  
  50  5:00  Extractor  
  50  5:01  Drone  
  50  5:02  Drone  
  51  5:14  Queen  
  51  5:16  Queen  
  51  5:19  Centrifugal Hooks  
  57  5:22  Zergling x12  
  57  5:23  Zergling x12  
  69  5:28  Overseer  
  69  5:31  Pneumatized Carapace  
  67  5:36  Drone x3  
  67  5:38  Overlord x2  
  67  5:39  Overlord  
  67  5:40  Overlord  
  67  5:41  Drone x3  
  73  6:08  Baneling x6  
  73  6:10  Zerg Ground Armor Level 1  
  73  6:12  Drone, Zergling x20  
  73  6:14  Baneling x2  
  73  6:15  Baneling x4  
  84  6:46  Zergling x18  
  84  7:10  Drone x3  
  87  7:17  Zerg Melee Weapons Level 2  
  87  7:18  Hatchery  
  87  7:20  Hatchery  
  87  7:22  Hatchery  
  84  7:23  Zergling x2  
  84  7:24  Zergling x18  
  94  7:39  Zergling x6  
  93  7:59  Zergling x22  
  104  8:17  Overlord x2  
  104  8:18  Overlord  
  104  8:25  Zergling x4  
  103  8:44  Drone  
  103  8:45  Drone x5, Zergling x32  
  103  8:46  Zergling x2  
  125  8:52  Baneling x3  
  125  8:53  Baneling x5  
  125  8:54  Baneling x5  
  124  9:07  Zergling x26  
  137  9:12  Drone x4  
  115  9:36  Zergling x34  
  113  9:53  Zergling x24  
  118  10:02  Zergling x14  
  118  10:05  Zerg Ground Armor Level 2  
  125  10:13  Baneling x15  
  125  10:14  Baneling x5  
  124  10:15  Baneling  
  123  10:35  Zergling x10  
  123  10:36  Zergling x26  
  123  10:37  Overlord x3  
  112  10:57  Zergling x16  
  112  10:58  Zergling x18  
  123  11:04  Overseer  
  123  11:06  Overseer  
  123  11:07  Overseer  
  123  11:09  Lair  
  115  11:22  Extractor  
  115  11:24  Extractor  
  110  11:30  Infestation Pit  
  98  11:48  Zergling x4  
  98  11:49  Zergling x52  
  117  12:06  Zergling x24  
  125  12:24  Zergling x6  
  125  12:25  Zergling x14  
  135  12:30  Hive  
  114  13:05  Zergling x12  
  114  13:06  Zergling x52  
  130  13:18  Overlord x4  
  111  13:29  Zergling x22  
  111  13:32  Baneling x8  
  111  13:33  Baneling x5  
  111  13:34  Baneling x4  
  116  13:54  Baneling x5  
  116  13:55  Baneling x4  
  92  14:15  Spire  
  71  14:42  Hatchery  
  71  14:44  Hatchery  
  71  14:45  Hatchery  
Tags
 
Matchup
TvZ
Replay Pack
Myownreplay2
Spawn Locations
Cross Positions
Add a new tag
Caveats
  • Supply blocks, unpowered buildings, or Contaminate may cause inaccurate times.
  • Supply counts are checked every 10 seconds.